Map: Lost and Found LE

Players

Impalpable

  • Race: Terran Terran
  • League: Gold
  • Spawn Location: 1:00

Michael - Winner!

  • Race: Zerg Zerg
  • League: Gold
  • Spawn Location: 7:00

VOD

Have the link to the VOD?

Description

Time

  • Played on: Oct. 7, 2018, 8:16 a.m.
  • Length: 15:17
Show
View Real Time Build Order
Export as new Build Order

Impalpable Terran 

Build Orders:  

Get SALT Encoding   

  12  0:03  SCV  
  13  0:15  SCV  
  13  0:19  Supply Depot  
  14  0:27  SCV  
  15  0:40  SCV  
  16  0:48  Barracks  
  16  0:52  Refinery, SCV  
  16  0:55  Refinery  
  17  1:04  SCV  
  18  1:17  SCV  
  20  1:36  Barracks  
  20  1:37  Orbital Command  
  19  1:49  Factory  
  19  1:51  Engineering Bay  
  19  1:59  Supply Depot  
  19  2:03  SCV  
  19  2:08  Marine  
  21  2:25  Marine  
  22  2:42  Barracks  
  22  2:43  Marine  
  23  2:45  Marine  
  23  2:58  Factory Tech Lab  
  22  3:01  Marine  
  21  3:18  Hellion  
  20  3:52  Hellion  
  22  4:06  Marine x2  
  22  4:07  Marine  
  25  4:14  Hellion  
  26  4:24  Marine  
  27  4:58  Command Center  
  27  5:05  Starport  
  25  5:52  Siege Tank  
  25  5:53  Starport Tech Lab  
  26  5:59  Fusion Core, SCV  
  27  6:11  SCV  
  28  6:14  Marine x2  
  30  6:19  Refinery  
  30  6:23  SCV  
  30  6:24  Siege Tank  
  28  6:34  Orbital Command  
  28  6:35  SCV  
  29  6:47  SCV  
  29  6:49  Weapon Refit  
  30  6:59  SCV  
  31  7:03  SCV  
  31  7:07  Marine x3  
  35  7:11  SCV  
  36  7:15  SCV  
  37  7:23  SCV  
  37  7:24  Missile Turret, Marine  
  37  7:25  Marine  
  37  7:28  SCV  
  37  7:29  Missile Turret  
  41  7:36  Battlecruiser  
  47  7:38  Supply Depot  
  47  7:40  SCV  
  48  7:48  Marine x2  
  48  7:49  Marine  
  51  7:52  SCV  
  52  8:04  Starport, SCV  
  53  8:09  Armory  
  53  8:10  SCV  
  53  8:12  Armory  
  54  8:16  SCV  
  54  8:19  Refinery  
  55  8:22  SCV  
  56  8:28  SCV  
  57  8:34  SCV  
  57  8:40  SCV  
  59  8:42  Starport Tech Lab  
  59  8:46  SCV  
  60  8:52  SCV  
  60  8:53  Supply Depot  
  60  8:55  Supply Depot  
  61  9:07  Terran Ship Weapons Level 1  
  61  9:09  Terran Vehicle And Ship Armor Level 1  
  61  9:14  Supply Depot  
  61  9:15  Siege Tank, Battlecruiser  
  61  9:16  Supply Depot  
  70  9:27  Battlecruiser  
  76  10:19  Battlecruiser  
  82  10:31  Battlecruiser  
  88  11:16  Terran Ship Weapons Level 2  
  88  11:19  Terran Vehicle And Ship Armor Level 2  
  88  11:23  Battlecruiser  
  57  13:19  Battlecruiser x2  
  56  14:51  Barracks  
  56  14:52  Barracks x2  
  56  14:53  Barracks x2  
Show
View Real Time Build Order
Export as new Build Order

Michael Zerg - Winner!

Build Orders: Pool First 

Get SALT Encoding   

  12  0:01  Drone  
  13  0:12  Overlord  
  14  0:21  Drone  
  14  0:31  Drone x2  
  14  0:34  Drone  
  17  0:38  Extractor  
  16  0:45  Drone  
  17  0:54  Spawning Pool  
  17  0:56  Drone  
  17  1:07  Drone  
  18  1:22  Hatchery  
  18  1:25  Drone  
  18  1:40  Queen  
  18  1:43  Metabolic Boost  
  20  1:48  Zergling x2  
  20  1:51  Zergling x2  
  22  1:58  Overlord  
  22  2:16  Queen  
  22  2:22  Drone  
  25  2:35  Baneling Nest, Drone  
  25  2:36  Zergling x2  
  25  2:37  Zergling x4  
  27  2:57  Drone  
  27  2:58  Drone x5  
  33  3:10  Zergling x2  
  33  3:11  Zergling x2  
  35  3:24  Zergling x2  
  36  3:42  Hatchery  
  36  3:46  Queen  
  35  3:59  Zergling x4  
  35  4:00  Zergling x2  
  35  4:09  Drone x2  
  36  4:11  Drone  
  36  4:19  Spine Crawler, Lair  
  35  4:25  Roach Warren, Queen  
  35  4:27  Evolution Chamber  
  35  4:30  Drone  
  36  4:32  Spine Crawler, Drone  
  36  4:36  Overlord  
  36  4:38  Overlord  
  33  4:46  Drone x2  
  33  4:47  Drone  
  36  4:55  Drone x3  
  36  4:56  Drone  
  36  4:59  Drone  
  41  5:06  Drone  
  41  5:07  Drone  
  43  5:10  Zergling x6  
  46  5:21  Roach x2  
  48  5:29  Roach  
  48  5:40  Roach  
  48  5:41  Overlord x3  
  50  5:51  Spine Crawler  
  50  5:52  Queen  
  47  5:57  Roach  
  47  5:59  Roach x2  
  47  6:00  Roach x2  
  57  6:05  Zergling x2  
  58  6:16  Roach x4  
  66  6:22  Queen  
  66  6:23  Drone x3  
  71  6:27  Drone x3  
  71  6:29  Overlord x3  
  74  6:44  Zerg Ground Armor Level 1  
  74  6:46  Glial Reconstitution, Queen x2  
  74  6:49  Drone  
  74  6:52  Extractor  
  74  6:53  Drone  
  74  6:54  Drone x2  
  81  6:59  Spine Crawler  
  80  7:07  Roach x4  
  80  7:08  Roach  
  90  7:10  Roach  
  92  7:26  Drone x3  
  92  7:29  Drone x3  
  98  7:32  Extractor  
  98  7:33  Extractor, Drone x2  
  98  7:35  Overlord x3  
  98  7:49  Ravager  
  97  8:00  Infestation Pit  
  97  8:02  Drone x3  
  97  8:04  Drone x2  
  101  8:07  Drone  
  101  8:09  Drone x5  
  101  8:10  Drone x3  
  110  8:13  Extractor  
  110  8:15  Extractor  
  110  8:18  Burrow  
  108  8:29  Hydralisk Den  
  107  8:47  Queen x2  
  111  8:52  Hatchery  
  110  9:06  Muscular Augments  
  110  9:09  Hydralisk x6  
  112  9:14  Overseer  
  122  9:18  Overlord x2  
  122  9:19  Overlord x6  
  122  9:22  Pneumatized Carapace  
  140  9:53  Drone x3  
  140  9:55  Drone x3  
  140  9:56  Drone x7  
  140  9:58  Extractor  
  140  9:59  Drone x3  
  155  10:00  Drone x3  
  155  10:02  Extractor  
  155  10:03  Queen  
  155  10:05  Overlord  
  159  10:14  Zerg Ground Armor Level 2  
  159  10:18  Grooved Spines  
  158  10:50  Swarm Host  
  158  10:53  Hydralisk x6  
  188  11:05  Swarm Host  
  188  11:07  Hydralisk x3  
  197  11:18  Swarm Host  
  200  11:35  Spire  
  200  11:36  Spire, Hive  
  198  11:43  Evolution Chamber  
  146  12:09  Overlord  
  146  12:10  Overlord x5  
  146  12:11  Overlord x2  
  146  12:15  Spore Crawler  
  145  12:16  Spore Crawler  
  145  12:18  Spore Crawler x2  
  145  12:19  Spore Crawler  
  145  12:21  Spire  
  145  12:22  Lair  
  140  12:23  Spire  
  140  12:28  Infestation Pit  
  134  12:30  Zerg Missile Weapons Level 1  
  120  12:40  Hydralisk x5  
  120  12:41  Hydralisk x8  
  111  13:26  Hydralisk Den  
  101  13:34  Spore Crawler  
  101  13:36  Spore Crawler, Drone x6  
  101  13:40  Corruptor x9  
  119  13:59  Corruptor x3  
  125  14:14  Corruptor x2  
  129  14:35  Overlord x3  
  129  14:36  Overlord x4  
  129  14:39  Overlord x2  
  129  14:40  Overlord x2  
Tags
 
League
GoldGold
Matchup
TvZ
Opening
Pool First
Spawn Locations
Cross Positions
Add a new tag
Caveats
  • Supply blocks, unpowered buildings, or Contaminate may cause inaccurate times.
  • Supply counts are checked every 10 seconds.